 Dungeon Crawl Stone Soup version 0.31-a0-810-ga77100ea1a (webtiles) character file.

Game seed: 5321729551306481983

79 Newt the Trooper (level 4, -4/37 HPs)
             Began as a Demonspawn Gladiator on Sept 21, 2023.
             Slain by a gnoll
             ... wielding a +0 flail
              (9 damage)
             ... on level 1 of the Dungeon.
             The game lasted 00:02:00 (1247 turns).

Newt the Trooper (Demonspawn Gladiator)             Turns: 1247, Time: 00:02:00

Health: -4/37      AC:  5    Str: 16    XL:     4   Next: 17%
Magic:  4/4        EV: 12    Int:  9    God:
Gold:   71         SH:  0    Dex: 15    Spells: 3/3 levels left

rFire   . . .        i - +0 dagger (venom)
rCold   . . .        (no shield)
rNeg    . . .        b - +0 leather armour
rPois   .            (helmet restricted)
rElec   .            (no cloak)
rCorr   .            (no gloves)
SInv    .            (no boots)
Will    .....        (no amulet)
Stlth   +            m - ring of wizardry
HPRegen 0.26/turn    (no ring)
MPRegen 0.09/turn

%: wizardry (x1)
@: no status effects
A: horns 1, yellow scales 1
a: no special abilities


You were on level 1 of the Dungeon.
You visited 1 branch of the dungeon, and saw 3 of its levels.

You collected 71 gold pieces.

Inventory:

Hand Weapons
 a - a +0 rapier
 i - a +0 dagger of venom (weapon)
Missiles
 d - 3 throwing nets (quivered)
 e - a javelin
Armour
 b - a +0 leather armour (worn)
 c - a +0 helmet
Jewellery
 m - a ring of wizardry (left hand)
Scrolls
 f - a scroll of teleportation {unknown}
 j - a scroll of revelation {unknown}
 k - a scroll of fear {unknown}
 n - a scroll of enchant armour {unknown}
 o - a scroll of vulnerability {unknown}
 p - 2 scrolls of blinking {unknown}
Potions
 g - 2 potions of curing {unknown}
 h - a potion of brilliance {unknown}
 l - a potion of haste {unknown}


   Skills:
 - Level 4.0 Fighting
 + Level 3.3 Short Blades
 - Level 1.7 Throwing
 - Level 2.6 Dodging


You had 3 spell levels left.
You didn't know any spells.
Your spell library was empty.

Dungeon Overview and Level Annotations

Branches:
Dungeon (3/15)

Altars:
Yredelemnul


Innate Abilities, Weirdness & Mutations

You have a pair of small horns on your head.
You are partially covered in yellow scales. (AC +2)


Message History

You hit the hobgoblin but do no damage.
The hobgoblin is poisoned.
Your headbutt misses the hobgoblin. The hobgoblin closely misses you.
You hit the hobgoblin but do no damage.
The hobgoblin looks as sick as possible!
The hobgoblin is heavily wounded.
The hobgoblin barely misses you.
You hit the hobgoblin.
You kill the hobgoblin!
No target in view!
You start resting.
HP restored.
You can't go up here!
You climb downwards.
The gnoll closely misses you. The gnoll hits you with a +0 flail.
The gnoll hits you with a +0 whip. The gnoll closely misses you.
There is a stone staircase leading up, spattered with blood here.
The gnoll hits you but does no damage. The gnoll hits you with a +0 flail!
You climb upwards.
There is a stone staircase leading down here.
Unknown command.
You closely miss the gnoll. The gnoll barely misses you.
The gnoll hits you with a +0 flail.
You barely miss the gnoll. The gnoll hits you with a +0 whip.
You hit the gnoll but do no damage.
The gnoll is poisoned.
The gnoll barely misses you.
You hit the gnoll but do no damage.
The gnoll is lightly wounded.
The gnoll closely misses you. x2
You hit the gnoll.
The gnoll looks as sick as possible!
The gnoll is moderately wounded.
The gnoll hits you but does no damage. The gnoll closely misses you.
You hit the gnoll.
The gnoll looks as sick as possible!
Your headbutt misses the gnoll.
The gnoll is severely wounded.
The gnoll hits you with a +0 whip. The gnoll closely misses you.
You closely miss the gnoll. Your headbutt misses the gnoll.
The gnoll hits you with a +0 whip!
* * * LOW HITPOINT WARNING * * *
The gnoll hits you with a +0 flail!
You die...

#.#######.#.........#.#
#.................#.#.#
########(#######..#.#.#
#.#.....#..#.#.###
#.#.#.............
#.#...#......#.###
#....#########.#
#gg............###
#@................
#######..).....#..
########.#.# #.#.#
#.#.# #.#.# #.#.. #.###
##### #....


You could see 2 gnolls.

Vanquished Creatures
  3 adders
  A worm (D:3)
  2 dart slugs (D:2)
  An orc (D:3)
  3 ball pythons
  5 endoplasms
  4 giant cockroaches
  4 goblins
  3 hobgoblins
  3 kobolds
  3 quokkas
  3 bats (D:1)
  4 frilled lizards (D:1)
  5 rats
44 creatures vanquished.

Notes
Turn   | Place    | Note
-------+----------+-------------------------------------------
     0 | D:1      | Newt the Demonspawn Gladiator began the quest for the Orb.
     0 | D:1      | Reached XP level 1. HP: 16/16 MP: 1/1
   114 | D:1      | Gained mutation: You have a pair of small horns on your
                  | head. [demonic ancestry]
   114 | D:1      | Reached XP level 2. HP: 23/23 MP: 2/2
   147 | D:1      | Reached skill level 3 in Fighting
   576 | D:2      | Gained mutation: You are partially covered in yellow
                  | scales. (AC +2) [demonic ancestry]
   576 | D:2      | Reached XP level 3. HP: 29/29 MP: 3/3
   723 | D:2      | Found a basalt altar of Yredelemnul.
   803 | D:2      | Reached skill level 4 in Fighting
   938 | D:2      | You fall into a shaft and drop 1 floor!
   995 | D:3      | Reached XP level 4. HP: 37/37 MP: 4/4
  1247 | D:1      | Slain by a gnoll

Illustrated notes

Levels and vault maps discovered:
D:1:      mrwooster_arrival_statue_3, layout_basic
D:2:      layout_loops_cross, basic_altar
D:3:      layout_loops_ring, chequers_temple_overflow_minitemple

Skill      XL: |  1  2  3 |
---------------+----------+-----
Fighting       | 3 4 |  4.0
Short Blades   | 3 |  3.3
Throwing       | |  1.7
Dodging        | |  2.6

Action                     |  1- 3 |  4- 6 || total
---------------------------+-------+-------++-------
  Melee: Rapier            |    62 |       ||    62
         Dagger            |    60 |    30 ||    90
         Headbutt          |    15 |     2 ||    17
         Punch             |     1 |     1 ||     2
 Armour: Leather armour    |    55 |    25 ||    80
  Dodge: Dodged            |    88 |    31 ||   119

Table legend: (Time is in decaauts)
 A = Elapsed time spent in this place.
 B = Non-inter-level travel time spent in this place.
 C = Inter-level travel time spent in this place.
 D = Time resting spent in this place.
 E = Time spent auto-exploring this place.
 F = Levels seen in this place.
 G = Mean time per level.
                   A        B        C        D        E       F      G
               +--------+--------+--------+--------+--------+-----+--------+
         Total |   1240 |   1190 |     50 |     47 |    814 |   3 |  413.3 |
       Dungeon |   1240 |   1190 |     50 |     47 |    814 |   3 |  413.3 |
               +--------+--------+--------+--------+--------+-----+--------+

Top non-repeatable levels by time:
     D:1: 626 daAuts
     D:2: 435 daAuts
     D:3: 178 daAuts
